Map: Frostline LE

Players

GangusKaun - Winner!

  • Race: Protoss Protoss
  • League: Gold
  • Spawn Location: 1:00

OneMore

  • Race: Terran Terran
  • League: Silver
  • Spawn Location: 7:00

VOD

Have the link to the VOD?

Description

Time

  • Played on: Dec. 6, 2024, 2:31 p.m.
  • Length: 8:46
Show
View Real Time Build Order
Export as new Build Order

GangusKaun Protoss - Winner!

Build Orders: 1 Gate Expand, Oracle Opening 

Get SALT Encoding   

  12  0:00  Probe  
  13  0:12  Probe  
  14  0:17  Pylon  
  14  0:25  Probe  
  15  0:36  Gateway  
  15  0:38  Probe  
  16  0:48  Assimilator  
  16  0:50  Probe  
  17  1:04  Probe  
  18  1:12  Probe  
  19  1:19  Assimilator  
  19  1:30  Nexus  
  19  1:35  Probe  
  20  1:48  Probe  
  21  1:59  Cybernetics Core  
  21  2:00  Probe  
  22  2:12  Probe  
  23  2:19  Pylon  
  23  2:35  Warp Gate  
  23  2:36  Stalker  
  23  2:37  Probe  
  23  2:41  Stargate  
  24  2:49  Probe  
  27  2:58  Shield Battery  
  27  3:04  Probe x2  
  29  3:15  Gateway  
  29  3:16  Shield Battery, Oracle  
  29  3:17  Probe x2, Assimilator  
  34  3:29  Probe  
  35  3:35  Stalker  
  37  3:47  Pylon  
  37  3:53  Gateway  
  37  3:56  Fleet Beacon  
  37  4:12  Pylon  
  37  4:17  Assimilator  
  37  4:26  Gateway  
  37  4:27  Probe x2  
  37  4:29  Gateway  
  39  4:36  Forge  
  39  4:39  Probe x2  
  41  4:51  Tempest  
  41  4:55  Probe x2  
  47  5:09  Stargate  
  47  5:31  Photon Cannon  
  47  5:38  Photon Cannon  
  47  5:40  Pylon  
  47  5:41  Photon Cannon  
  47  5:44  Probe x2  
  47  5:45  Photon Cannon  
  47  5:47  Photon Cannon  
  47  5:49  Tempest  
  53  6:03  Tempest  
  57  6:07  Protoss Shields Level 1  
  57  6:10  Stalker x3  
  63  6:42  Protoss Air Weapons Level 1  
  63  6:54  Stalker x3  
  69  7:05  Pylon  
  69  7:06  Gateway  
  69  7:07  Gateway  
  69  7:10  Gateway  
  69  7:22  Probe  
  70  7:29  Nexus  
  70  7:30  Pylon  
  70  7:37  Pylon  
Show
View Real Time Build Order
Export as new Build Order

OneMore Terran 

Build Orders: 1/1/1 

Get SALT Encoding   

  12  0:11  Supply Depot  
  12  0:19  Refinery  
  12  0:21  SCV  
  13  0:37  Barracks  
  13  0:41  SCV  
  14  0:53  SCV  
  15  1:05  SCV  
  16  1:34  Factory  
  16  1:41  Marine  
  17  2:25  Starport  
  17  2:30  Command Center  
  17  2:41  Refinery  
  17  3:03  Fusion Core  
  17  3:06  Starport Tech Lab  
  17  3:45  Refinery  
  17  3:46  SCV  
  18  3:58  SCV  
  19  4:08  Battlecruiser  
  25  4:10  SCV  
  26  4:22  SCV  
  27  4:26  Weapon Refit  
  27  4:34  SCV  
  21  5:29  Battlecruiser  
  21  5:35  SCV  
  28  5:46  SCV  
  28  5:47  SCV  
  30  5:51  Marine  
  31  5:58  SCV  
  32  6:09  Marine  
  33  6:21  Supply Depot  
  33  6:27  Marine, Supply Depot  
  34  7:23  Starport  
  34  7:26  SCV  
  35  7:38  SCV  
  20  8:14  Viking  
  24  8:21  Starport Tech Lab  
Tags
 
Add a new tag
Caveats
  • Supply blocks, unpowered buildings, or Contaminate may cause inaccurate times.
  • Supply counts are checked every 10 seconds.